 Dungeon Crawl Stone Soup version 0.20-a0-1078-g4874019 (webtiles) character file.

505 FastMan the Cleaver (level 6, 0/57 HPs)
             Began as a Minotaur Berserker on May 1, 2017.
             Was a Believer of Trog.
             Killed from afar by an orc wizard (7 damage)
             ... with a magic dart
             ... on level 5 of the Dungeon.
             The game lasted 00:01:44 (2401 turns).

FastMan the Cleaver (Minotaur Berserker)            Turns: 2401, Time: 00:01:44

Health: 0/57       AC: 12    Str: 21    XL:     6   Next: 96%
Magic:  5/5        EV:  6    Int:  4    God:    Trog [**....]
Gold:   146        SH:  0    Dex: 12    Spells: 5/5 levels left

rFire    . . .     SeeInvis .   w - +0 war axe
rCold    . . .     Gourm    .   (no shield)
rNeg     . . .     Faith    .   y - +0 plate armour
rPois    .         Spirit   .   (helmet restricted)
rElec    .         Reflect  .   (no cloak)
rCorr    .         Harm     .   (no gloves)
MR       .....                  g - +0 pair of boots (curse)
Stlth    ..........             (no amulet)
Regen    0.2/turn               (no ring)
MPRegen  0.1/turn               (no ring)

@: lethally poisoned (0 -> -1), slowed, very slow
A: retaliatory headbutt, horns 2
a: Berserk, Trog's Hand, Burn Spellbooks, Renounce Religion


You were on level 5 of the Dungeon.
You worshipped Trog.
Trog was pleased with you.
You were near starving.

You visited 1 branch of the dungeon, and saw 5 of its levels.

You collected 146 gold pieces.

Inventory:

Hand Weapons
 a - a +0 hand axe
 w - a +0 war axe (weapon)
Armour
 g - a cursed +0 pair of boots (worn)
 y - a +0 plate armour (worn)
Scrolls
 d - 2 scrolls of teleportation {unknown}
 f - a scroll of recharging {unknown}
 i - 4 scrolls of identify {unknown}
 k - a scroll of remove curse {unknown}
 n - a scroll of enchant armour {unknown}
 p - a scroll of random uselessness {unknown}
 t - a scroll of amnesia {unknown}
 v - a scroll of immolation {unknown}
 x - a scroll of fog {unknown}
Potions
 b - a potion of might {unknown}
 e - 2 potions of lignification
 l - a potion of magic {unknown}
 o - 3 potions of curing {@q1}
 q - a potion of heal wounds {unknown}
 s - a potion of berserk rage {unknown}
 z - a potion of flight {unknown}
 A - a potion of agility {unknown}
Comestibles
 c - 2 bread rations {@e1}
 h - 3 royal jellies {@e3}
 m - 6 fruits {@e4}
 u - a meat ration {@e2}


   Skills:
 + Level 6.0 Fighting
 * Level 8.2 Axes
 - Level 2.4 Armour
 - Level 2.1 Dodging


You had 5 spell levels left.
You didn't know any spells.

Dungeon Overview and Level Annotations

Branches:
Dungeon (5/15)
 Temple: D:4-7

Altars:
Elyvilon
Wu Jian


Innate Abilities, Weirdness & Mutations

You reflexively headbutt those who attack you in melee.
You have a pair of horns on your head.


Message History

You kill the ogre!
Trog accepts your kill.
Your Fighting skill increases to level 6!
Your Axes skill increases to level 8!
You closely miss something. Something hits you.
* * * LOW HITPOINT WARNING * * *
You see here a giant club.
You feel a strong urge to attack something.
A magic dart appears from out of thin air!
The magic dart hits you!
* * * LOW HITPOINT WARNING * * *
Unknown command.
You feel your anger subside.
You are no longer berserk.
Trog's vigour flows through your veins.
You are exhausted.
You feel yourself slow down.
You feel sick.
You hear some strange, mumbled words.
A magic dart appears from out of thin air!
The magic dart hits you!
You die...

################
#....<.../){@..#
#.#####..))......#
#.######.......
#.# ##...(... )..
..##### ...# #.#
##.## .# #. .#


There were no monsters in sight!

Vanquished Creatures
  Menkaure (D:4)
  Purgy (D:4)
  An ogre (D:5)
  Jessica (D:2)
  2 worker ants (D:4)
  Robin (D:2)
  4 adders
  2 oozes
  A dart slug (D:2)
  6 orcs
  2 giant cockroaches
  14 goblins
  11 hobgoblins
  5 jackals (D:1)
  A kobold (D:2)
  A quokka (D:2)
  7 bats
  3 frilled lizards
  5 rats
69 creatures vanquished.

Notes
Turn   | Place    | Note
-------+----------+-------------------------------------------
     0 | D:1      | FastMan the Minotaur Berserker began the quest for the Orb.
     0 | D:1      | Reached XP level 1. HP: 19/19 MP: 0/0
    73 | D:1      | Reached skill level 4 in Axes
    78 | D:1      | Reached XP level 2. HP: 22/27 MP: 1/1
   441 | D:2      | Noticed Jessica
   449 | D:2      | Killed Jessica
   449 | D:2      | Reached XP level 3. HP: 28/33 MP: 2/2
   460 | D:2      | Reached skill level 5 in Axes
   543 | D:2      | Reached ** piety under Trog
   640 | D:2      | Noticed Robin
   641 | D:2      | Reached XP level 4. HP: 35/41 MP: 3/3
   658 | D:2      | Killed Robin
   899 | D:2      | Found an ornate altar of the Wu Jian Council.
  1283 | D:3      | Found a white marble altar of Elyvilon.
  1409 | D:3      | Reached skill level 6 in Axes
  1705 | D:4      | Noticed Menkaure
  1709 | D:4      | Noticed Purgy
  1712 | D:4      | Killed Menkaure
  1712 | D:4      | Reached skill level 5 in Fighting
  1712 | D:4      | Reached skill level 7 in Axes
  1712 | D:4      | Reached XP level 5. HP: 48/48 MP: 4/4
  1716 | D:4      | Killed Purgy
  1716 | D:4      | Reached XP level 6. HP: 56/56 MP: 5/5
  1818 | D:4      | Found a sand-covered staircase.
  2377 | D:5      | Entered Level 5 of the Dungeon
  2396 | D:5      | Reached skill level 8 in Axes
  2401 | D:5      | Killed from afar by an orc wizard

Vault maps used:
D:1:      doesnt_arrival_eight_statues
D:2:      nicolae_overflow_crystal_walls, corexii_leaking_fountain,
          grunt_decor_arrowhead, uniq_robin, uniq_jessica
D:3:      first_bread, elyvilon_altar_5
D:4:      enter_ossuary_1, uniq_menkaure, uniq_purgy
D:5:      lemuel_round_altar, minmay_temple_entry_statues_fountains,
          uniq_prince_ribbit1, uniq_eustachio

Skill      XL: |  1  2  3  4  5  6 |
---------------+-------------------+-----
Axes           | 4 5 7 8 |  8.2
Fighting       | 4 5 6 |  6.0
Armour         | |  2.4
Dodging        | |  2.1

Action                   |  1- 3 |  4- 6 || total
-------------------------+-------+-------++-------
Melee: Hand axe          |    50 |    59 ||   109
       Headbutt          |    11 |    15 ||    26
       War axe           |       |    35 ||    35
Invok: Berserk           |       |     3 ||     3
       Trog's Hand       |       |     1 ||     1
  Use: Potion            |       |     1 ||     1
  Eat: Chunk             |       |     6 ||     6
Armor: Animal skin       |     1 |       ||     1
       Chain mail        |    22 |    30 ||    52
       Plate armour      |       |    15 ||    15
Dodge: Dodged            |    28 |    27 ||    55
